 Dungeon Crawl Stone Soup version 0.25-a0-565-g8875c97ebb (webtiles) character file.

Game seed: 3321305336275875397, levelgen mode: deterministic

105 Flugslaktarn the Covered (level 4, -2/43 HPs)
             Began as a Deep Dwarf Fighter on Feb 26, 2020.
             Killed by nerve-wracking pain
             ... invoked by a shadow imp
             ... summoned by Eustachio
              (7 damage)
             ... on level 5 of the Dungeon.
             The game lasted 00:00:35 (527 turns).

Flugslaktarn the Covered (Deep Dwarf Fighter)        Turns: 527, Time: 00:00:35

Health: -2/43      AC: 11    Str: 20    XL:     4   Next: 54%
Magic:  4/4        EV:  3    Int:  9    God:
Gold:   81         SH:  9    Dex: 12    Spells: 3/3 levels left

rFire    . . .     SeeInvis .   a - +0 war axe
rCold    . . .     Gourm    .   c - +0 kite shield
rNeg     . . .     Faith    .   j - +0 plate armour
rPois    .         Spirit   .   (no helmet)
rElec    .         Reflect  .   (no cloak)
rCorr    .         Harm     .   (no gloves)
MR       .....                  (no boots)
Stlth    ..........             (no amulet)
HPRegen  0.00/turn              (no ring)
MPRegen  0.09/turn              (no ring)

@: non-regenerating
A: damage resistance, heal wounds, sense surroundings 1, no regeneration
a: Heal Wounds


You were on level 5 of the Dungeon.
You were not hungry.

You visited 1 branch of the dungeon, and saw 5 of its levels.

You collected 81 gold pieces.

Inventory:

Hand Weapons
 a - a +0 war axe (weapon)
Armour
 c - a +0 kite shield (worn)
 j - a +0 plate armour (worn)
   (You found it on level 4 of the Dungeon)
Jewellery
 h - a cursed -4 ring of intelligence {unknown}
   (You found it on level 1 of the Dungeon)
 k - an uncursed ring of resist corrosion {unknown}
   (You found it on level 4 of the Dungeon)
Scrolls
 l - a scroll of immolation {unknown}
Potions
 b - a potion of lignification {unknown}
 d - a potion of might
 g - a potion of degeneration {unknown}
 i - a potion of heal wounds {unknown}
Comestibles
 e - 3 rations
 f - 3 chunks of flesh


   Skills:
 * Level 3.6 Fighting
 * Level 3.4 Axes
 + Level 3.8 Armour
 + Level 3.8 Shields


You had 3 spell levels left.
You didn't know any spells.
Your spell library was empty.

Dungeon Overview and Level Annotations

Branches:
Dungeon (5/15)
 Temple: D:4-7

Altars:

Annotations:
D:5 Eustachio


Innate Abilities, Weirdness & Mutations

You are resistant to damage.
You can heal yourself by infusing magical energy.
You passively map a small area around you.
You do not regenerate.


Message History

* * * LOW HITPOINT WARNING * * *
You are too injured to fight recklessly!
You are too injured to fight recklessly!
You are too injured to fight recklessly!
You are too injured to fight recklessly!
You are too injured to fight recklessly!
You are too injured to fight recklessly!
You are too injured to fight recklessly!
You fail to use your ability.
You are no longer poisoned.
The ufetubus hits you but does no damage. x2
You block the gnoll's attack.
The gnoll hits you from afar with a +0 halberd.
* * * LOW HITPOINT WARNING * * *
The ufetubus hits you but does no damage. x2
The gnoll hits you with a +0 whip.
* * * LOW HITPOINT WARNING * * *
The shadow imp gestures at you. Pain shoots through your body!
You die...

* |......#<..##.
.................... ,#
#................... ,
..###...................
........................
#..............#........
,
#..#..g.......##......#.
......g@.##...........#.
, #..5@g.............#.
##...55............... ,
#..$..................
.............##.......#.
....................###.
, ...........#.##.....#
, * , ,
...........#..#....... *
,
*##.#.......#..........#
.##..##.....##........


You could see Eustachio, an iron imp, 3 gnolls, a shadow imp and an ufetubus.

Vanquished Creatures
  A centaur skeleton (D:5)
  A worker ant (D:5)
  An adder (D:4)
  An adder skeleton (D:4)
  A worm (D:4)
  2 dart slugs (D:1)
  4 leopard geckos
  3 bats
  A giant cockroach (D:1)
  3 goblins
  4 hobgoblins
  2 frilled lizards
  2 kobolds (D:2)
  A leopard gecko skeleton (D:5)
  2 rats (D:1)
29 creatures vanquished.

Notes
Turn   | Place    | Note
-------+----------+-------------------------------------------
     0 | D:1      | Flugslaktarn the Deep Dwarf Fighter began the quest for the
                  | Orb.
     0 | D:1      | Reached XP level 1. HP: 20/20 MP: 1/1
    88 | D:1      | Reached XP level 2. HP: 14/27 MP: 2/2
   235 | D:2      | Found a faded altar of an unknown god.
   362 | D:2      | Reached XP level 3. HP: 25/34 MP: 3/3
   481 | D:5      | Entered Level 5 of the Dungeon
   505 | D:5      | Reached XP level 4. HP: 32/42 MP: 4/4
   516 | D:5      | Noticed Eustachio
   527 | D:5      | Killed from afar by a shadow imp

Levels and vault maps discovered:
D:1:      grunt_arrival_crossed_arrows, layout_basic, minmay_tree_intersection
D:2:      layout_basic, lemuel_doored_altar,
          chequers_ecumenical_altar_simple_redux
D:3:      layout_basic, uniq_grinder
D:4:      layout_basic
D:5:      layout_cave_pools, first_ration, basic_altar, uniq_eustachio,
          uniq_crazy_yiuf_cottage, uniq_edmund, uniq_prince_ribbit1

Skill      XL: |  1  2  3 |
---------------+----------+-----
Fighting       | 3 |  3.6
Axes           | 3 |  3.4
Armour         | |  3.8
Shields        | |  3.8

Action                   |  1- 3 |  4- 6 || total
-------------------------+-------+-------++-------
Melee: War axe           |   106 |    10 ||   116
 Abil: Heal Wounds       |     2 |       ||     2
Armor: Scale mail        |    31 |       ||    31
       Plate armour      |    21 |    27 ||    48
Dodge: Dodged            |    25 |     6 ||    31
Block: Kite shield       |    54 |    18 ||    72

Table legend:
 A = Non-vault XP
 B = Vault XP
 C = Vault XP percentage of total XP
 D = Non-vault monster count
 E = Vault monster count
 F = Vault count percentage of total count
                 A         B        C        D         E       F
            +---------+---------+-------+---------+---------+-------
      Total |     151 |       0 |   0.0 |      29 |       0 |   0.0
            +---------+---------+-------+---------+---------+-------
        D:1 |      25 |       0 |   0.0 |      11 |       0 |   0.0
        D:2 |      19 |       0 |   0.0 |      10 |       0 |   0.0
        D:3 |       3 |       0 |   0.0 |       1 |       0 |   0.0
        D:4 |      25 |       0 |   0.0 |       4 |       0 |   0.0
        D:5 |      79 |       0 |   0.0 |       3 |       0 |   0.0
            +---------+---------+-------+---------+---------+-------
